 Dungeon Crawl Stone Soup version 0.29.1-15-g9cfb28693d (webtiles) character file.

Game seed: 15623206289160769371

146 pokedragonboy the Chopper (level 5, 47/47 HPs)
             Began as a Hill Orc Fighter on Mar 12, 2023.
             Quit the game on level 2 of the Dungeon.
             The game lasted 00:01:41 (1444 turns).

pokedragonboy the Chopper (Hill Orc Fighter)        Turns: 1444, Time: 00:01:41

Health: 47/47      AC:  7    Str: 21    XL:     5   Next: 28%
Magic:  6/6        EV:  9    Int:  8    God:
Gold:   47         SH:  4    Dex: 10    Spells: 4/4 levels left

rFire   . . .      SeeInvis .   a - +0 war axe
rCold   . . .      Faith    .   c - +0 buckler
rNeg    . . .      Spirit   .   b - +0 scale mail
rPois   .          Reflect  .   (no helmet)
rElec   .          Harm     .   (no cloak)
rCorr   .          Rampage  .   (no gloves)
Will    .....                   (no boots)
Stlth   ..........              (no amulet)
HPRegen 0.15/turn               (no ring)
MPRegen 0.10/turn               (no ring)

@: no status effects
A: no striking features
a: no special abilities


You were on level 2 of the Dungeon.
You visited 1 branch of the dungeon, and saw 2 of its levels.

You collected 47 gold pieces.

Inventory:

Hand Weapons
 a - a +0 war axe (weapon)
Armour
 b - a +0 scale mail (worn)
 c - a +0 buckler (worn)
 m - a scarf of harm
Wands
 d - a wand of roots (6)
Scrolls
 e - a scroll of immolation {unknown}
 f - a scroll of acquirement {unknown}
 g - 2 scrolls of teleportation {unknown}
 k - a scroll of identify {unknown}
 l - a scroll of torment {unknown}
Potions
 h - a potion of degeneration {unknown}
 i - a potion of attraction {unknown}
 j - a potion of ambrosia {unknown}
 n - 2 potions of curing {unknown}


   Skills:
 + Level 4.3 Fighting
 * Level 4.5 Axes
 + Level 3.9 Armour
 + Level 4.0 Shields
 + Level 2.2 Invocations


You had 4 spell levels left.
You didn't know any spells.
Your spell library was empty.

Dungeon Overview and Level Annotations

Branches:
Dungeon (2/15)

Altars:
Okawaru


Message History

A ball python is nearby!
You barely miss the ball python.
The ball python bites you but does no damage.
The ball python barely misses you.
You hit the ball python.
The ball python is severely wounded.
The ball python bites you. The ball python grabs you.
The ball python constricts you.
The ball python bites you but does no damage.
The ball python constricts you.
You closely miss the ball python.
The ball python is severely wounded.
You block the ball python's attack. The ball python constricts you.
You closely miss the ball python.
The ball python is heavily wounded.
The ball python bites you. The ball python constricts you.
You block the ball python's attack. The ball python constricts you.
You barely miss the ball python. You block the ball python's attack.
The ball python constricts you.
The ball python bites you but does no damage.
The ball python constricts you.
You hit the ball python.
You kill the ball python!
No target in view!
No target in view!
No target in view!
No target in view!
No target in view!
You see here a ball python corpse.
You see here a +0 sling.
There is a shaft here.
Found 5 stones.
No target in view!
Found an escape hatch in the floor.
No target in view!
Okay, then.
Saving game... please wait.
Welcome back, pokedragonboy the Hill Orc Fighter.
Press ? for a list of commands and other information.
Are you sure you want to abandon this character and quit the game? (Confirm with "yes".)

#..# ###.# #..#
#...##.# ...# #.####(#
...# #.# #.#
#.#########.# #.#
#.#.........# #.#
#.#.############.####.#
#.#.#####............>#
#.........# #@#
###.############.# #
#.# #..........#
###.###.##########
........# ....#####
.#### .# .#


There were no monsters in sight!

Vanquished Creatures
  A black bear (D:2)
  2 adders (D:2)
  A worm (D:2)
  2 dart slugs (D:2)
  3 bats (D:1)
  3 endoplasms (D:1)
  A giant cockroach (D:1)
  4 goblins
  2 hobgoblins
  A quokka (D:2)
  6 ball pythons
  3 frilled lizards (D:1)
  2 kobolds
  A rat (D:1)
32 creatures vanquished.

Notes
Turn   | Place    | Note
-------+----------+-------------------------------------------
     0 | D:1      | pokedragonboy the Hill Orc Fighter began the quest for the
                  | Orb.
     0 | D:1      | Reached XP level 1. HP: 19/19 MP: 1/1
    90 | D:1      | Reached XP level 2. HP: 20/27 MP: 2/2
   564 | D:1      | Reached skill level 1 in Invocations
   786 | D:2      | Reached XP level 3. HP: 33/33 MP: 3/3
   819 | D:2      | Found an iron altar of Okawaru.
   850 | D:2      | Noticed a black bear
   856 | D:2      | Killed a black bear
   857 | D:2      | Reached XP level 4. HP: 30/40 MP: 3/5
   952 | D:2      | Reached XP level 5. HP: 45/46 MP: 6/6
  1444 | D:2      | Quit the game

Illustrated notes

Levels and vault maps discovered:
D:1:      saegor_arrival_simple_a, layout_loops_ring,
          nicolae_concentric_dashed_squares_mild, kennysheep_crisscross,
          minmay_misc_feat_diagonals, grunt_decor_one_mirror
D:2:      layout_loops_ring, basic_altar, minmay_misc_feat_pillars

Skill      XL: |  1  2  3  4 |
---------------+-------------+-----
Axes           | 3 4 |  4.5
Invocations    | 1 2 |  2.2
Fighting       | 4 |  4.3
Shields        | 4 |  4.0
Armour         | |  3.9

Action                   |  1- 3 |  4- 6 || total
-------------------------+-------+-------++-------
Melee: War axe           |    58 |    34 ||    92
  Use: Potion            |     1 |       ||     1
Armor: Scale mail        |    41 |    16 ||    57
Dodge: Dodged            |    37 |    13 ||    50
Block: Buckler           |    12 |     8 ||    20
